Map: Bridgehead LE (Void)

Players

RedXIII - Winner!

  • Race: Protoss Protoss
  • League: Grandmaster

wabbajack

  • Race: Zerg Zerg
  • League: Grandmaster

VOD

Have the link to the VOD?

Description

Time

  • Played on: July 14, 2015, 3:37 p.m.
  • Length: 9:21
Show
View Real Time Build Order
Export as new Build Order

RedXIII Protoss - Winner!

Build Orders: Dark Templar Rush 

Get SALT Encoding   

  12  0:00  Probe  
  13  0:15  Pylon  
  13  0:19  Probe  
  14  0:33  Probe (Chrono Boost)  
  15  0:35  Gateway  
  15  0:45  Probe (Chrono Boost)  
  16  0:52  Probe (Chrono Boost)  
  17  0:59  Gateway  
  17  1:02  Probe (Chrono Boost)  
  19  1:13  Probe (Chrono Boost)  
  19  1:19  Probe (Chrono Boost)  
  19  1:20  Pylon  
  19  1:24  Cybernetics Core  
  20  1:27  Assimilator  
  20  1:31  Probe (Chrono Boost)  
  21  1:33  Assimilator  
  21  1:43  Probe (Chrono Boost)  
  22  1:58  Gateway  
  22  2:01  Adept  
  24  2:04  Probe (Chrono Boost)  
  25  2:19  Probe (Chrono Boost)  
  26  2:29  Nexus  
  26  2:34  Probe  
  27  2:37  Warp Gate (Chrono Boost)  
  27  2:46  Mothership Core  
  29  2:56  Twilight Council  
  29  3:07  Probe  
  30  3:16  Pylon  
  30  3:27  Pylon  
  30  3:30  Stargate  
  30  3:32  Dark Shrine  
  30  3:34  Probe (Chrono Boost)  
  30  3:37  Nexus  
  31  3:46  Probe (Chrono Boost)  
  30  4:01  Probe  
  37  4:12  Pylon  
  37  4:21  Pylon  
  31  4:37  Sentry  
  31  4:38  Stalker x2  
  35  4:39  Gateway  
  35  4:41  Gateway  
  37  4:51  Probe x2  
  39  5:00  Dark Templar x2  
  39  5:04  Stalker  
  29  5:30  Dark Templar  
  29  5:33  Zealot x2  
  35  5:45  Probe  
  35  5:46  Dark Templar  
  35  5:49  Zealot  
  34  5:57  Probe  
  34  6:01  Zealot x2  
  39  6:09  Probe  
  39  6:23  Dark Templar  
  39  6:24  Zealot  
  35  6:34  Probe  
  28  6:47  Probe  
  19  6:56  Dark Templar  
  20  7:12  Probe (Chrono Boost)  
  22  7:23  Probe (Chrono Boost)  
  22  7:28  Stalker  
  22  7:29  Probe (Chrono Boost)  
  21  7:47  Probe (Chrono Boost)  
  22  7:57  Probe (Chrono Boost)  
  23  8:04  Probe  
  24  8:16  Probe (Chrono Boost)  
  26  8:28  Probe (Chrono Boost)  
  26  8:38  Dark Templar  
  26  8:50  Stalker  
  26  8:54  Probe (Chrono Boost)  
  30  9:04  Probe (Chrono Boost)  
  30  9:14  Sentry  
  33  9:19  Archon  
Show
View Real Time Build Order
Export as new Build Order

wabbajack Zerg 

Build Orders: Hatch First 

Get SALT Encoding   

  12  0:01  Drone  
  13  0:09  Drone  
  14  0:20  Overlord  
  14  0:25  Drone, Extractor  
  15  0:46  Hatchery  
  14  0:53  Drone  
  14  0:54  Drone  
  14  0:56  Drone  
  17  1:09  Extractor  
  16  1:14  Spawning Pool  
  16  1:17  Drone  
  16  1:20  Drone  
  17  1:29  Drone  
  18  1:43  Overlord  
  18  2:00  Queen  
  20  2:01  Queen  
  20  2:07  Roach Warren  
  20  2:08  Drone  
  22  2:10  Drone  
  22  2:14  Drone  
  24  2:20  Drone  
  24  2:21  Drone  
  26  2:29  Overlord  
  26  2:52  Roach x3  
  32  3:01  Roach x3  
  38  3:11  Overlord  
  38  3:17  Roach  
  38  3:18  Roach x2  
  44  3:33  Overlord  
  44  3:38  Overlord  
  44  3:39  Drone x4  
  44  3:40  Drone x2  
  50  4:05  Metabolic Boost  
  50  4:07  Overlord  
  50  4:11  Zergling x6  
  50  4:12  Zergling x12  
  50  4:16  Overlord  
  59  4:24  Overlord  
  59  4:38  Zergling x2  
  59  4:39  Zergling x14  
  67  4:52  Drone  
  68  4:53  Drone x5  
  68  4:59  Lair  
  63  5:31  Zergling x8  
  63  5:32  Zergling x16  
  75  5:39  Hatchery  
  57  6:10  Spore Crawler  
  53  6:12  Spine Crawler x2  
  53  6:15  Spore Crawler  
  48  6:19  Overseer x2  
  48  6:20  Roach  
  48  6:21  Roach x6  
  35  7:04  Spore Crawler, Spine Crawler x2  
  30  7:46  Hatchery  
  30  7:50  Drone  
  34  7:51  Drone x6  
  34  7:54  Drone  
  34  7:57  Hatchery  
  36  8:06  Drone  
  36  8:07  Drone x2  
  36  8:10  Extractor  
  36  8:12  Extractor  
Tags
 
Add a new tag
Caveats
  • Supply blocks, unpowered buildings, or Contaminate may cause inaccurate times.
  • Supply counts are checked every 10 seconds.